 Dungeon Crawl Stone Soup version 0.32-a0-732-ga344392067 (webtiles) character file.

Game seed: 13886633625153108752

1 Goblin1989 the Sneak (level 1, -2/18 HPs)
             Began as a Demonspawn Delver on Mar 17, 2024.
             Was a Follower of Sif Muna.
             Slain by a black bear (3 damage)
             ... on level 2 of the Dungeon.
             The game lasted 00:01:22 (166 turns).

Goblin1989 the Sneak (Demonspawn Delver)             Turns: 166, Time: 00:01:22

Health: -2/18      AC:  3    Str: 12    XL:     1   Next: 16%
Magic:  1/1        EV: 10    Int: 10    God:    Sif Muna [*.....]
Gold:   12         SH:  0    Dex: 14    Spells: 0/0 levels left

rFire   . . .        a - +0 mace
rCold   . . .        (no shield)
rNeg    . . .        b - +0 leather armour
rPois   .            (no helmet)
rElec   .            (no cloak)
rCorr   .            (no gloves)
SInv    .            (no boots)
Will    .....        (no amulet)
Stlth   ++           (no ring)
HPRegen 0.23/turn    (no ring)
MPRegen 0.07/turn

%: no passive effects
@: no status effects
A: no striking features
a: Renounce Religion, Channel Magic


You were on level 2 of the Dungeon.
You worshipped Sif Muna.
Sif Muna was aware of your devotion.
You visited 1 branch of the dungeon, and saw 4 of its levels.

You collected 12 gold pieces.

Inventory:

Hand Weapons
 a - a +0 mace (weapon)
Armour
 b - a +0 leather armour (worn)
Wands
 g - a wand of digging (3) {@v3}
 h - a wand of light (13)
Scrolls
 c - a scroll of fog
 i - a scroll of teleportation {unknown}
Potions
 f - a potion of haste {@q3,}


   Skills:
 - Level 3.0 Fighting
 + Level 1.9 Maces & Flails
 - Level 1.7 Dodging
 - Level 4.5 Stealth


You couldn't memorise any spells.
You didn't know any spells.
Your spell library was empty.

Dungeon Overview and Level Annotations

Branches:
Dungeon (5/15) Zot: 23831
 Temple: D:4-7

Altars:
Sif Muna


Message History

An ogre comes into view. It is wielding a +0 giant spiked club.
The ogre shouts!
Found a tapered bronze wand.
Found a longbow.
h - a wand of light (13)
Aiming: Bolt of Light
Press: ? - help, Shift-Dir - straight line, f - you
Okay, then.
An orc and an orc wizard come into view.
A black bear comes into view.
The black bear growls angrily.
The black bear attacks as it pursues you!
The black bear bites you. The black bear misses you. The black bear claws you.
You take 7 damage, and have 11/18 hp.
MASSIVE DAMAGE!!
An iguana comes into view.
Found a fizzy white potion.
The iguana hisses angrily.
The black bear attacks as it pursues you!
The black bear bites you!
* * * LOW HITPOINT WARNING * * *
The black bear claws you.
* * * LOW HITPOINT WARNING * * *
The black bear completely misses you.
You take 8 damage, and have 6/18 hp.
MASSIVE DAMAGE!!
The black bear attacks as it pursues you!
The black bear bites you.
* * * LOW HITPOINT WARNING * * *
The black bear barely misses you. The black bear claws you.
* * * LOW HITPOINT WARNING * * *
You take 4 damage, and have 2/18 hp.
MASSIVE DAMAGE!!
As you read the scroll of fear, it crumbles to dust.
You assume a fearsome visage.
The black bear looks frightened!
The iguana looks frightened!
The ogre looks frightened!
As you read the scroll of revelation, it crumbles to dust.
You feel aware of your surroundings.
You sensed 2 altars.
Found three items.
Found a stone staircase leading up.
An ice beast comes into view.
There is a stone staircase leading up here.
You climb upwards.
Found an escape hatch in the ceiling.
There is a stone staircase leading down here.
You start resting.
A black bear comes into view.
You regained 6 hp, and now have 12/18 hp.
There is an escape hatch in the ceiling here.
A mysterious force pulls you upwards. The hatch slams shut behind you.
The goblin shouts!
You closely miss the goblin. The goblin misses you.
You completely miss the goblin. The goblin hits you with a +0 club.
You take 3 damage, and have 11/18 hp.
You closely miss the goblin. The goblin closely misses you.
You sock the goblin!
You kill the goblin!
You see here a +0 club.
Found a scroll labelled EBU OLAAPE.
Found a stone staircase leading down.
i - a scroll labelled EBU OLAAPE You start resting.
HP restored.
Health restored: 18
Found a stone staircase leading up.
A black bear comes into view.
Found an escape hatch in the ceiling.
Found a faded altar of an unknown god.
Found a stone staircase leading up.
There is a stone staircase leading up here.
The black bear growls angrily.
There is a faded altar of an unknown god here.
This altar belongs to (a) Lugonu, (b) Jiyva or (c) Sif Muna, but you can't tell which.
Press the corresponding letter to learn more about a god, or press enter to convert or escape to cancel.
Sif Muna accepts your prayer! Sif Muna welcomes you!
You can now call upon Sif Muna for magical energy.
There is a stone staircase leading up here.
The black bear bites you but does no damage.
The black bear claws you.
The black bear claws you but does no damage.
You climb upwards.
There is a stone staircase leading down here.
You take 2 damage, and have 16/18 hp.
You barely miss the black bear. The black bear bites you!
The black bear claws you but does no damage.
The black bear closely misses you.
You take 6 damage, and have 10/18 hp.
MASSIVE DAMAGE!!
You hit the black bear.
The black bear is lightly wounded.
The black bear bites you.
* * * LOW HITPOINT WARNING * * *
The black bear claws you.
* * * LOW HITPOINT WARNING * * *
The black bear barely misses you.
You take 6 damage, and have 4/18 hp.
MASSIVE DAMAGE!!
You hit the black bear.
The black bear is lightly wounded.
The black bear barely misses you. The black bear claws you.
* * * LOW HITPOINT WARNING * * *
The black bear claws you.
* * * LOW HITPOINT WARNING * * *
The black bear barely misses you.
The black bear claws you but does no damage.
The black bear claws you.
You die...

█ ██. █
█.█...█████...█
█......@h...█
█.█...█████...█
..... █ █.██ .


You could see a black bear.

Vanquished Creatures
  A goblin (D:3)
1 creature vanquished.

Notes
Turn   | Place    | Note
-------+----------+-------------------------------------------
     0 | D:5      | Goblin1989 the Demonspawn Delver began the quest for the
                  | Orb.
     0 | D:5      | Reached XP level 1. HP: 18/18 MP: 1/1
    15 | D:5      | Noticed an ogre
    35 | D:5      | Noticed an orc wizard
    42 | D:5      | Noticed a black bear
    52 | D:5      | Noticed an iguana
    74 | D:5      | Noticed an ice beast
   106 | D:4      | Noticed a black bear
   152 | D:3      | Noticed a black bear
   153 | D:3      | Found a faded altar of an unknown god.
   159 | D:3      | Prayed at the altar of an unknown god.
   159 | D:3      | Became a worshipper of Sif Muna the Loreminder
   159 | D:3      | Reached * piety under Sif Muna
   166 | D:2      | Slain by a black bear

Illustrated notes

Levels and vault maps discovered:
D:2:      layout_loops_corners
D:3:      cheibrodos_greedy_goblins, layout_basic, nicolae_ecumenical_pavilion,
          kennysheep_generic_room_13, uniq_terence
D:4:      layout_loops_ring, minmay_joined_circles
D:5:      layout_loops_ring, mainiacjoe_overflow_concentric_impassable,
          nicolae_qazlal_beasts_of_the_sky, roderic_batcave, water_maze_lemuel

Action                     || total
---------------------------++-------
  Melee: Mace              ||     7
    Use: Scroll            ||     2
 Armour: Leather armour    ||    18
  Dodge: Dodged            ||     9

Table legend: (Time is in decaauts)
 A = Elapsed time spent in this place.
 B = Non-inter-level travel time spent in this place.
 C = Inter-level travel time spent in this place.
 D = Time resting spent in this place.
 E = Time spent auto-exploring this place.
 F = Levels seen in this place.
 G = Mean time per level.
                   A        B        C        D        E       F      G
               +--------+--------+--------+--------+--------+-----+--------+
         Total |    167 |    167 |      0 |     46 |      6 |   4 |   41.8 |
       Dungeon |    167 |    167 |      0 |     46 |      6 |   4 |   41.8 |
               +--------+--------+--------+--------+--------+-----+--------+

Top non-repeatable levels by time:
     D:5: 81 daAuts
     D:3: 53 daAuts
     D:4: 29 daAuts
     D:2: 3 daAuts
